 Dungeon Crawl Stone Soup version 0.29-a0-819-g94b489e0ae (webtiles) character file.

Game seed: 15314662367703789337

704 RevDB the Insei (level 7, -13/91 HPs)
             Began as a Black Draconian Transmuter on July 6, 2022.
             Was a Follower of Okawaru.
             Mangled by an ogre
             ... wielding a +0 giant spiked club
              (28 damage)
             ... on level 5 of the Dungeon.
             The game lasted 00:42:10 (4684 turns).

RevDB the Insei (Black Draconian Transmuter)        Turns: 4684, Time: 00:42:11

Health: -13/91     AC: 23    Str: 12    XL:     7   Next: 39%
Magic:  9/11       EV:  2    Int: 15    God:    Okawaru [*.....]
Gold:   437        SH:  0    Dex: 12    Spells: 9/12 levels left

rFire   . . .      SeeInvis .     - Unarmed
rCold   . . .      Faith    .   (no shield)
rNeg    + . .      Spirit   .   (body armour unavailable)
rPois   +          Reflect  .   (helmet currently unavailable)
rElec   .          Harm     .   (cloak currently unavailable)
rCorr   .          Rampage  .   (gloves currently unavailable)
Will    .....      NoTele   +   (boots currently unavailable)
Stlth   +.........              (no amulet)
HPRegen 0.25/turn               y - ring of positive energy
MPRegen 0.12/turn               (no ring)

@: short of breath, tree-form, wereblooded
A: stationary, stasis, torment immunity, boosted hp, (breathe lightning), AC +6,
unfitting armour, (electricity resistance), (cold-blooded)
a: Renounce Religion, Heroism


You were on level 5 of the Dungeon.
You worshipped Okawaru.
Okawaru was aware of your devotion.
You were a tree.
You visited 1 branch of the dungeon, and saw 5 of its levels.

You collected 437 gold pieces.

Inventory:

Hand Weapons
 c - a +3 dagger
 i - a +1 whip of electrocution
 r - a +1 vorpal spear
 u - a +0 flail of protection
 w - a +2 dagger of speed
Missiles
 d - 2 throwing nets
Armour
 e - a +0 cloak (melded)
 j - a +2 pair of boots (melded)
 x - a +0 pair of gloves (melded)
Jewellery
 y - a ring of positive energy (left branch)
Wands
 C - a wand of digging (7)
Scrolls
 b - a scroll of blinking
 f - a scroll of silence
 l - 2 scrolls of brand weapon
 n - 2 scrolls of amnesia
 o - a scroll of noise
 q - a scroll of enchant armour {unknown}
 s - 2 scrolls of fog {unknown}
 D - a scroll of fear {unknown}
Potions
 a - 2 potions of lignification
 g - a potion of magic {unknown}
 h - 4 potions of flight {unknown}
 k - a potion of haste {unknown}
 m - a potion of brilliance {unknown}
 p - a potion of ambrosia {unknown}
 t - a potion of degeneration {unknown}
 v - a potion of heal wounds {unknown}
 z - a potion of berserk rage {unknown}
 A - a potion of curing {unknown}
 B - 2 potions of mutation {unknown}


   Skills:
 - Level 5.0 Fighting
 - Level 3.0 Dodging
 + Level 5.3 Unarmed Combat
 - Level 3.0 Spellcasting
 - Level 4.0 Transmutations


You had 9 spell levels left.
You knew the following spells:

 Your Spells              Type           Power      Damage    Failure   Level
a - Beastly Appendage     Tmut           28%        N/A       3%          1
b - Wereblood             Tmut           14%        N/A       6%          2

Your spell library contained the following spells:

 Spells                   Type           Power      Damage    Failure   Level
 Spider Form              Tmut/Pois      8%         N/A       26%         3
 Ice Form                 Ice/Tmut       8%         N/A       65%         4


Dungeon Overview and Level Annotations

Branches:
Dungeon (5/15)
 Temple: D:4-7

Altars:
Ashenzari
Makhleb
Okawaru
Uskayaw
Yredelemnul
The Shining One


Innate Abilities, Weirdness & Mutations

You are a tree.
Your roots penetrate the ground, keeping you stationary.
You cannot be teleported.
You are immune to unholy pain and torment.
Your maximum health is greatly increased.
Your equipment is partially melded.
((You can breathe wild blasts of lightning.))
((Your glossy black scales are hard. (AC +6)))
You cannot fit into any form of body armour.
((You are resistant to electric shocks. (rElec)))
((You are cold-blooded and may be slowed by cold attacks.))


Message History

The ogre barely misses you.
You open the door. The hound bites you but does no damage.
The hound attacks as you move away! The hound closely misses you.
The ogre attacks as you move away!
The ogre hits you with a +0 giant spiked club!!
Ouch! That really hurt!
There is an open door here.
The ogre attacks as you move away!
The ogre hits you with a +0 giant spiked club!
* * * LOW HITPOINT WARNING * * *
The hound attacks as you move away! The hound bites you.
* * * LOW HITPOINT WARNING * * *
The hound attacks as you move away! The hound closely misses you.
The hound barely misses you.
Your horns disappear.
Your talons disappear.
Your +2 pair of boots unmelds from your body.
You turn into a tree.
Your +0 cloak melds into your body.
Your +0 pair of gloves melds into your body.
Your +2 pair of boots melds into your body.
Your roots penetrate the ground.
The hound bites you but does no damage.
Casting: Beastly Appendage (safe; 3% risk of failure)
Confirm with . or Enter, or press ? or * to list all spells.
Your blood is infused with primal strength.
The hound bites you but does no damage. x2
You barely miss the hound.
You smack the hound!
The hound is heavily wounded.
The hound bites you but does no damage.
The ogre hits you with a +0 giant spiked club.
* * * LOW HITPOINT WARNING * * *
You barely miss the hound.
The hound is heavily wounded.
The hound bites you.
* * * LOW HITPOINT WARNING * * *
The hound stops to sniff the ground.
The hound bites you but does no damage.
You barely miss the hound.
The hound is heavily wounded.
The ogre hits you with a +0 giant spiked club!!
You die...

# #.######
.#######+.##...#
...............#
..)............+
...............#
####'##...######
..##.####+##...###
.................#
(...[..........h♣#
..............##O##
...).........##.hw#
............##.....#
............#...(.:.#
............+.$.$$..+
#############.......#
##.....## ###...#


You could see an ogre, a worm and 2 hounds.

Vanquished Creatures
  A black bear (D:4)
  A necrophage (D:4)
  A scorpion (D:4)
  A jelly (D:2)
  2 hounds (D:5)
  An iguana (D:5)
  17 gnolls
  3 adders
  2 worms (D:4)
  3 dart slugs
  11 orcs
  5 bats
  5 endoplasms
  5 giant cockroaches (D:1)
  32 goblins
  34 hobgoblins
  3 jackals (D:4)
  12 kobolds
  5 quokkas
  5 ball pythons
  2 frilled lizards (D:1)
  4 rats
155 creatures vanquished.

Notes
Turn   | Place    | Note
-------+----------+-------------------------------------------
     0 | D:1      | RevDB the Draconian Transmuter began the quest for the Orb.
     0 | D:1      | Reached XP level 1. HP: 16/16 MP: 3/3
   113 | D:1      | Reached XP level 2. HP: 13/23 MP: 5/5
   322 | D:1      | Learned a level 2 spell: Wereblood
   386 | D:1      | Found a faded altar of an unknown god.
   587 | D:1      | Reached XP level 3. HP: 28/29 MP: 4/6
   707 | D:2      | Reached XP level 4. HP: 6/36 MP: 2/7
  1322 | D:2      | Found an iron altar of Okawaru.
  1337 | D:2      | Became a worshipper of Warmaster Okawaru
  1706 | D:3      | Found a burning altar of Makhleb.
  1711 | D:3      | Found a basalt altar of Yredelemnul.
  1747 | D:3      | Found an iron altar of Okawaru.
  1818 | D:3      | Reached XP level 5. HP: 41/41 MP: 9/9
  2087 | D:3      | Reached skill level 5 in Unarmed Combat
  2179 | D:3      | Reached XP level 6. HP: 36/51 MP: 8/10
  2435 | D:3      | Found a broken altar of Ashenzari.
  3082 | D:4      | HP: 2/52 [gnoll/+0 club (3)]
  3537 | D:4      | Found a hide-covered altar of Uskayaw.
  3665 | D:4      | Reached * piety under Okawaru
  3666 | D:4      | Your scales start taking on a glossy black colour.
  3666 | D:4      | Reached XP level 7. HP: 16/59 MP: 9/11
  3666 | D:4      | Gained mutation: You are resistant to electric shocks.
                  | (rElec) [Black Draconian growth]
  4318 | D:5      | Entered Level 5 of the Dungeon
  4339 | D:5      | Found a glowing golden altar of the Shining One.
  4391 | D:5      | Reached skill level 5 in Fighting
  4684 | D:5      | Mangled by an ogre

Illustrated notes

Levels and vault maps discovered:
D:1:      nzn_arrival_settlement, layout_rooms, chequers_ecumenical_altar_grove
D:2:      layout_basic, basic_altar, serial_bayou_pond_e
D:3:      minmay_goblin_kobold_castle, layout_loops_corners,
          okawaru_metal_pillars_1_2, ashenzari_conservatory_becter,
          mainiacjoe_overflow_big_doors, corexii_item_surrounded_by_moat
D:4:      layout_basic, nicolae_uskayaw_dance_hall, chequers_jeans,
          kennysheep_generic_room_10
D:5:      layout_gridville, old_standard_altar, jmf_multi_god_temple,
          minmay_temple_entry_trees, kennysheep_small_circle

Skill      XL: |  1  2  3  4  5  6  7 |
---------------+----------------------+-----
Dodging        | 2 3 |  3.0
Fighting       | 2 3 4 5 |  5.0
Unarmed Combat | 4 5 |  5.3
Transmutations | 3 4 |  4.0
Spellcasting   | 3 |  3.0

Action                   |  1- 3 |  4- 6 |  7- 9 || total
-------------------------+-------+-------+-------++-------
Melee: Unarmed           |    43 |   245 |    33 ||   321
       Tailslap          |     9 |    36 |     2 ||    47
       Kick              |     9 |    49 |     6 ||    64
       Punch             |     2 |     3 |     1 ||     6
       Dagger            |    42 |    45 |       ||    87
       Headbutt          |     2 |    32 |     4 ||    38
Throw: Throwing net      |     1 |     2 |       ||     3
 Cast: Beastly Appendage |     5 |    27 |     7 ||    39
       Wereblood         |     1 |    15 |     1 ||    17
 Abil: Breathe Lightning |       |       |     7 ||     7
  Use: Scroll            |       |     3 |     3 ||     6
       Potion            |       |       |     1 ||     1
 Stab: Sleeping          |     1 |       |     1 ||     2
       Held in net/web   |     1 |       |       ||     1
Armor: Skin              |    11 |    96 |    18 ||   125
Dodge: Dodged            |    36 |   209 |    25 ||   270

Table legend: (Time is in decaauts)
 A = Elapsed time spent in this place.
 B = Non-inter-level travel time spent in this place.
 C = Inter-level travel time spent in this place.
 D = Time resting spent in this place.
 E = Time spent auto-exploring this place.
 F = Levels seen in this place.
 G = Mean time per level.
                   A        B        C        D        E       F      G
               +--------+--------+--------+--------+--------+-----+--------+
         Total |   4668 |   4576 |     92 |   1153 |    442 |   5 |  933.6 |
       Dungeon |   4668 |   4576 |     92 |   1153 |    442 |   5 |  933.6 |
               +--------+--------+--------+--------+--------+-----+--------+

Top non-repeatable levels by time:
     D:3: 1463 daAuts
     D:4: 1202 daAuts
     D:2: 926 daAuts
     D:1: 712 daAuts
     D:5: 363 daAuts
